 Dungeon Crawl Stone Soup version 0.29.1-15-g9cfb28693d (webtiles) character file.

Game seed: 8986270846492800975

771 devnull the Spear-Bearer (level 7, -1/50 HPs)
             Began as a Merfolk Gladiator on Apr 2, 2023.
             Killed by an exploding hornet (17 damage)
             ... ignited by their inner flame
             ... on level 7 of the Dungeon.
             The game lasted 00:09:43 (4766 turns).

devnull the Spear-Bearer (Merfolk Gladiator)        Turns: 4766, Time: 00:09:43

Health: -1/50      AC:  6    Str: 16    XL:     7   Next: 83%
Magic:  7/7        EV: 16    Int:  8    God:
Gold:   272        SH:  4    Dex: 21    Spells: 6/6 levels left

rFire   . . .      SeeInvis .   a - +0 trident
rCold   . . .      Faith    .   z - +0 buckler
rNeg    + . .      Spirit   .   b - +0 leather armour
rPois   .          Reflect  .   q - +2 helmet
rElec   .          Harm     .   (no cloak)
rCorr   .          Rampage  .   (no gloves)
Will    .....                   (no boots)
Stlth   ++........              (no amulet)
HPRegen 0.16/turn               c - +6 ring of dexterity
MPRegen 0.10/turn               s - ring of positive energy

@: slowed, very slow
A: (nimble swimmer 2), mertail
a: no special abilities


You were on level 7 of the Dungeon.
You visited 1 branch of the dungeon, and saw 6 of its levels.

You collected 272 gold pieces.

Inventory:

Hand Weapons
 a - a +0 trident (weapon)
Missiles
 e - a javelin (quivered)
Armour
 b - a +0 leather armour (worn)
 q - a +2 helmet (worn)
 z - a +0 buckler (worn)
Jewellery
 c - a +6 ring of dexterity (left hand)
 s - a ring of positive energy (right hand)
 u - a ring of ice
Wands
 p - a wand of iceblast (11)
 v - a wand of acid (10)
 y - a wand of flame (26)
Scrolls
 h - a scroll of magic mapping
 k - 2 scrolls of enchant armour
 l - a scroll of enchant weapon {unknown}
 m - a scroll of immolation
 o - 3 scrolls of summoning
 w - a scroll of silence {unknown}
Potions
 f - 2 potions of haste
 g - 2 potions of heal wounds {unknown}
 i - 3 potions of curing {unknown}
 j - a potion of attraction
 n - a potion of invisibility {unknown}
 r - 4 potions of degeneration {unknown}
 x - 2 potions of ambrosia {unknown}


   Skills:
 - Level 2.1 Fighting
 - Level 10.0 Polearms
 - Level 2.0 Throwing
 + Level 7.4 Dodging


You had 6 spell levels left.
You didn't know any spells.
Your spell library was empty.

Dungeon Overview and Level Annotations

Branches:
Dungeon (5/15)             Temple (0/1) D:7

Altars:
Ashenzari
Xom
Yredelemnul


Innate Abilities, Weirdness & Mutations

((You are very nimble when in or above water. (Stealth+, EV+, Speed+++)))
Your lower body shifts to a powerful aquatic tail in water.


Message History

Throw: 2 throwing nets
Press: ? - help, Shift-Dir - straight line, f/p - hornet
Aim: a hornet (moderately wounded, poisoned, 51% to hit)
You throw a throwing net.
The throwing net barely misses the hornet.
The centaur shouts!
You feel yourself speed up.
Something shouts, "Take thy face hence, thou feckless weeb-spouting fleecer!"
The hornet misses you.
The centaur wields a +0 shortbow.
The centaur shoots an arrow.
The arrow closely misses you. The hornet misses you.
The centaur drinks a potion.
The centaur seems to speed up.
The hornet closely misses you.
Throw: throwing net
Press: ? - help, Shift-Dir - straight line, f/p - hornet
Aim: a hornet (moderately wounded, poisoned, 51% to hit)
You throw a throwing net. The throwing net misses the hornet.
The centaur shoots an arrow.
The arrow misses you.
A shadow imp comes into view.
The centaur shoots an arrow.
You block the arrow. The hornet barely misses you.
Okay, then.
Unknown command.
You barely miss the hornet.
The hornet is moderately wounded.
The centaur shoots an arrow.
The arrow barely misses you. The hornet stings you!
You feel yourself slow down.
The centaur shoots an arrow.
The arrow hits you!
As you read the scroll labelled BIRIDA CELOGO, it crumbles to dust.
The creatures around you are filled with an inner flame!
It was a scroll of immolation.
Flame seeps out of the hornet.
The centaur shoots an arrow.
The arrow closely misses you.
The hornet is engulfed in blazing flames.
Flame seeps out of the hornet.
The hornet closely misses you.
The centaur shoots an arrow.
The arrow hits you.
The hornet is engulfed in blazing flames.
Flame seeps out of the hornet.
The hornet stings you but does no damage.
The hornet is engulfed in blazing flames.
The hornet explodes!
The fiery explosion engulfs you!
You die...

.#........# .#........#
.....#... .'........#
.....⌠...
.#..##...######.5.......
.#..###'###...##..⌠.>.⌠.
.#.............#........
.#.............#....⌠c..
.#.............#....#
.#..##..####'###@§§!####
#########.......§○......
#.......§§§..... #
#..........(.... #
#............... #
#............... #
#............... #
...#######'###..( ##..
... ...


You could see a centaur (fast, inner flame) and a shadow imp (inner flame).

Vanquished Creatures
  A hornet (D:7)
  2 sky beasts (D:7)
  An ogre (D:4)
  A gnoll sergeant (D:3)
  A scorpion (D:3)
  A wight (D:7)
  A howler monkey (D:4)
  A hound (D:7)
  Natasha (thrice) (D:3)
  An iguana (D:4)
  Robin (D:3)
  4 adders
  3 gnolls (D:3)
  A dart slug (D:3)
  2 orcs (D:4)
  5 bats
  5 endoplasms
  3 giant cockroaches
  20 goblins
  9 hobgoblins
  7 kobolds
  2 quokkas
  11 ball pythons
  2 frilled lizards (D:1)
  2 rats (D:2)
90 creatures vanquished.

Vanquished Creatures (others)
  4 toadstools (D:4)
4 creatures vanquished.

Grand Total: 94 creatures vanquished

Notes
Turn   | Place    | Note
-------+----------+-------------------------------------------
     0 | D:1      | devnull the Merfolk Gladiator began the quest for the Orb.
     0 | D:1      | Reached XP level 1. HP: 16/16 MP: 1/1
   336 | D:1      | Reached XP level 2. HP: 13/22 MP: 2/2
   852 | D:1      | Reached skill level 5 in Polearms
  1338 | D:2      | Reached XP level 3. HP: 21/27 MP: 3/3
  1635 | D:2      | Reached skill level 6 in Polearms
  1752 | D:2      | Reached XP level 4. HP: 33/33 MP: 4/4
  2161 | D:3      | Noticed a gnoll sergeant
  2310 | D:3      | Noticed Natasha
  2320 | D:3      | Killed Natasha
  2321 | D:3      | Reached skill level 7 in Polearms
  2375 | D:3      | Noticed Natasha
  2389 | D:3      | Killed Natasha
  2390 | D:3      | Reached XP level 5. HP: 32/38 MP: 5/5
  2483 | D:3      | Reached skill level 8 in Polearms
  2493 | D:3      | Noticed Robin
  2533 | D:3      | Killed Robin
  2700 | D:3      | Noticed Natasha
  2706 | D:3      | Killed Natasha
  2707 | D:3      | Reached XP level 6. HP: 44/44 MP: 6/6
  2738 | D:3      | Reached skill level 9 in Polearms
  3748 | D:4      | Reached skill level 10 in Polearms
  3748 | D:4      | Reached XP level 7. HP: 23/50 MP: 7/7
  3944 | D:4      | Found a broken altar of Ashenzari.
  4238 | D:4      | Found a basalt altar of Yredelemnul.
  4293 | D:4      | Reached skill level 5 in Dodging
  4362 | D:5      | Entered Level 5 of the Dungeon
  4362 | D:5      | You fall into a shaft and drop 2 floors!
  4532 | D:7      | Found a shimmering altar of Xom.
  4725 | D:7      | Noticed a steam dragon
  4752 | D:7      | Found a staircase to the Ecumenical Temple.
  4755 | D:7      | Noticed a hornet
  4766 | D:7      | Killed a hornet
  4766 | D:7      | Killed by an exploding hornet... ignited by their inner
                  | flame

Illustrated notes

Levels and vault maps discovered:
D:1:      elethiomel_arrival_shortcut, layout_loops_ring, nrook_campfire,
          amcnicky_mini_rare_corridor_liquid
D:2:      kennysheep_the_goblin_king, layout_loops_ring, minmay_split_cup_large
D:3:      layout_loops_ring, uniq_robin, uniq_natasha
D:4:      layout_basic, yredelemnul_altar_generic, evilmike_ruin_ashenzari,
          minmay_gold_behind_fungi
D:5:      layout_cave_pools, nicolae_wu_jian_immortal_techniques,
          grunt_qazlal_clouds
D:7:      layout_gridville, nicolae_overflow_hidden_temple,
          kennysheep_mini_moat, temple_fountains

Skill      XL: |  1  2  3  4  5  6  7 |
---------------+----------------------+-----
Polearms       | 5 6 7 8 10 | 10.0
Dodging        | 7 |  7.4
Fighting       | |  2.1
Throwing       | |  2.0

Action                   |  1- 3 |  4- 6 |  7- 9 || total
-------------------------+-------+-------+-------++-------
Melee: Trident           |   104 |   157 |    41 ||   302
       Punch             |       |     1 |       ||     1
Throw: Dart              |       |    21 |    10 ||    31
       Throwing net      |       |     1 |     2 ||     3
Evoke: Wand              |       |     3 |       ||     3
  Use: Scroll            |     5 |       |     1 ||     6
 Stab: Sleeping          |     3 |     1 |     1 ||     5
       Distracted        |       |     1 |       ||     1
       Held in net/web   |       |     1 |       ||     1
Armor: Leather armour    |    24 |    31 |     7 ||    62
Dodge: Dodged            |    32 |    75 |    23 ||   130
Block: Tower shield      |    35 |       |       ||    35
       Buckler           |       |     3 |     2 ||     5
